 Dungeon Crawl Stone Soup version 0.19-GnollCrawlA-1-g03664ee (webtiles) character file.

16705 bananaken the Skirmisher (level 1, -1/19 HPs)
             Began as a Centaur Berserker on Feb 8, 2017.
             Was the Champion of Trog.
             Slain by a gnoll
             ... wielding a +2 halberd of protection
              (9 damage)
             ... on level 2 of the Elven Halls.
             The game lasted 01:30:24 (22508 turns).

bananaken the Skirmisher (Centaur Berserker)       Turns: 22508, Time: 01:30:24

Health: -1/19      AC: 29    Str: 24    XL:     1   Next: 0%
Magic:  1/1        EV:  4    Int:  6    God:    Trog [******]
Gold:   2267       SH:  0    Dex:  8    Spells: 0 memorised, 0 levels left

rFire  + . .     SeeInvis .     j - +2 spear (venom)
rCold  . . .     Gourm    .     o - +8 chain mail of Gehenna {rF+}
rNeg   . . .     Faith    .     (no shield)
rPois  .         Spirit   .     M - +2 helmet
rElec  .         Dismiss  .     k - +2 cloak
rCorr  +         Reflect  .     p - +2 pair of gloves
SustAt .         Harm     .     h - +0 centaur barding of Grace {rCorr}
MR     .....                    N - amulet of regeneration
Stlth  ..........               m - +5 ring of strength
                                Z - +2 ring of slaying

@: very quick
A: hooves 3, deformed body, speed 2, shaggy fur 1, slow regeneration 1, tough
skin 3
a: Berserk, Trog's Hand, Brothers in Arms, Burn Spellbooks, Renounce Religion
}: 1/15 runes: slimy


You were on level 2 of the Elven Halls.
You worshipped Trog.
Trog was exalted by your worship.
You were very full.

You visited 5 branches of the dungeon, and saw 28 of its levels.
You also visited: Labyrinth, Ossuary and Volcano.

You collected 2448 gold pieces.
You spent 181 gold pieces at shops.

Inventory:

Hand Weapons
 b - a +5 antimagic trident
 j - a +2 spear of venom (weapon)
 W - a +2 spear of freezing
Missiles
 e - 2 throwing nets (quivered)
Armour
 h - the +0 centaur barding of Grace (worn) {rCorr}
   (You acquired it on level 5 of the Pits of Slime)

   It protects you from acid and corrosion.
 k - a +2 cloak (worn)
 o - the +8 chain mail of Gehenna (worn) {rF+}
   (You found it on level 3 of the Lair of Beasts)

   It protects you from fire.
 p - a +2 pair of gloves (worn)
 M - a +2 helmet (worn)
Rods
 u - a +5 lightning rod (12/12)
   (You found it in a labyrinth)
Jewellery
 m - a +5 ring of strength (right hand)
 N - an amulet of regeneration (around neck)
 Z - a +2 ring of slaying (left hand)
Wands
 l - a wand of polymorph (9/24)
 r - a wand of flame (16/48)
 v - a wand of enslavement (13/24)
 A - a wand of enslavement (13/24)
 F - a wand of teleportation (7/9)
 G - a wand of digging (6/24)
 T - a wand of disintegration (8/24)
Scrolls
 n - 2 scrolls of enchant weapon
 q - 3 scrolls of blinking
 s - 7 scrolls of teleportation
 t - a scroll of brand weapon
 y - 10 scrolls of remove curse
 z - 4 scrolls of silence
 C - 7 scrolls of recharging
 H - 4 scrolls of identify
 Q - 3 scrolls of fog
 S - 2 scrolls of magic mapping
Potions
 d - 3 potions of flight
 f - 2 potions of agility
 i - 7 potions of heal wounds
 x - 9 potions of brilliance
 B - a potion of haste
 D - 6 potions of curing
 E - a potion of beneficial mutation {unknown}
 I - a potion of cure mutation
 J - 5 potions of lignification
 K - 3 potions of might
 O - 3 potions of cancellation
 R - a potion of invisibility
 U - 2 potions of berserk rage {unknown}
 Y - a potion of resistance
Books
 L - a book of Debilitation

   Spells                             Type                      Level
   a - Corona                         Hexes                        1
   b - Slow                           Hexes                        2
   c - Gell's Gravitas                Hexes/Translocation          3
   d - Inner Flame                    Hexes/Fire                   3
   e - Cause Fear                     Hexes                        4
   f - Leda's Liquefaction            Hexes/Earth                  4
   Trog disapproves of the use of such an item.
 P - a book of Debilitation

   Spells                             Type                      Level
   a - Corona                         Hexes                        1
   b - Slow                           Hexes                        2
   c - Gell's Gravitas                Hexes/Translocation          3
   d - Inner Flame                    Hexes/Fire                   3
   e - Cause Fear                     Hexes                        4
   f - Leda's Liquefaction            Hexes/Earth                  4
   Trog disapproves of the use of such an item.
Miscellaneous
 w - a phantom mirror
 V - a box of beasts
 X - a fan of gales
Comestibles
 c - 9 bread rations
 g - 39 fruits


   Skills:
 + Level 3.0 Fighting
 + Level 2.6 Polearms
 + Level 1.3 Armour
 + Level 1.3 Dodging


You couldn't memorise any spells.
You didn't know any spells.

Dungeon Overview and Level Annotations

Branches:
Dungeon (13/15)            Temple (0/1) D:1            Lair (6/6) D:8
  Swamp (0/4) Lair:3       Spider (0/4) Lair:3        Slime (5/5) Lair:6
    Orc (2/2) D:10            Elf (2/3) Orc:2
 Vaults: D:13-14

Altars:
Dithmenos
Fedhas
Nemelex Xobeh
Okawaru
Qazlal
Xom
Yredelemnul
Zin
Jiyva

Shops:
Orc:2 [*:!?   Elf:2 [

Portals:
Pandemonium: Orc:2


Innate Abilities, Weirdness & Mutations

You have hooves in place of feet.
Armour fits poorly on your strangely shaped body.
You cover ground very quickly.
You have extremely tough skin. (AC +3)
You are covered in fur. (AC +1)
You regenerate slowly when monsters are visible.


Message History

Aim: a gnoll, wielding a halberd of protection You reach to attack!
You barely miss the gnoll.
Attack whom?
Press: ? - help, Dir - move target cursor, f/p - gnoll
Aim: a gnoll, wielding a halberd of protection You reach to attack!
You barely miss the gnoll. The gnoll barely misses you.
Attack whom?
Press: ? - help, Dir - move target cursor, f/p - gnoll
Aim: a gnoll, wielding a halberd of protection You reach to attack!
You hit the gnoll.
The gnoll is poisoned.
The gnoll is moderately wounded.
The gnoll hits you from afar with a halberd of protection!
Ouch! That really hurt!
Attack whom?
Press: ? - help, Dir - move target cursor, f/p - gnoll
Aim: a gnoll, wielding a halberd of protection (severely wounded, poisoned)
You reach to attack!
You hit the gnoll.
The gnoll looks as sick as possible!
The gnoll is severely wounded.
The gnoll hits you from afar with a halberd of protection!
You die...

#.. #. .## .#...
..#.# .# ..#.
..#.# ...#... ..
.# .#...#. .# .#
...#.!.#. .##.#
#...#..###....#
#...@)g.#
#.....###.#
.....#####)####
#### #.......#
#.......#
#.....).####.
######.......#...
.....#......>..#
.....#.........##


You could see a gnoll.

Vanquished Creatures
  2 gnoll sergeants
  360 gnolls
  The ghost of ofeo the Skirmisher, a weakling MiBe of Trog (D:10)
  The ghost of ofeo the Shield-Bearer, a weakling FoFi (D:13)
  2 gnoll zombies
  A quokka (Lair:4)
  15 gnoll skeletons (Ossuary)
  A plant (Lair:2)
383 creatures vanquished.

Vanquished Creatures (collateral kills)
  3 gnolls (Lair:2)
  A gnoll zombie (Lab)
4 creatures vanquished.

Vanquished Creatures (others)
  43 gnolls
  A plant (Lair:3)
44 creatures vanquished.

Grand Total: 431 creatures vanquished

Notes
Turn   | Place    | Note
-------+----------+-------------------------------------------
     0 | D:1      | bananaken the Centaur Berserker began the quest for the Orb.
     0 | D:1      | Reached XP level 1. HP: 19/19 MP: 1/1
   834 | D:1      | Found a staircase to the Ecumenical Temple.
  1618 | D:2      | Found a sparkling altar of Nemelex Xobeh.
  1715 | D:2      | Reached ** piety under Trog
  4190 | D:4      | Gained mutation: Your spells are a little harder to cast, but a little more powerful. [potion of mutation]
  4190 | D:4      | Gained mutation: Your mind is acute. (Int +2) [potion of mutation]
  4190 | D:4      | Gained mutation: You can translocate small distances at will. [potion of mutation]
  4463 | D:5      | Entered Level 5 of the Dungeon
  4545 | D:5      | Found a blossoming altar of Fedhas.
  5315 | D:5      | Got a brightly glowing short sword
  5347 | D:5      | Reached *** piety under Trog
  5885 | D:6      | Found a shimmering altar of Xom.
  6043 | D:6      | Found a basalt altar of Yredelemnul.
  6196 | D:6      | Identified the cursed +1 short sword of the Eternal Warrior {flame, -Tele rF+ Dex+2 SInv} (You found it on level 5 of the Dungeon)
  7159 | D:7      | Found a stormy altar of Qazlal.
  7482 | D:8      | Found a sand-covered staircase.
  7486 | Ossuary  | Entered an ossuary
  7833 | D:8      | Found an iron altar of Okawaru.
  8067 | D:8      | Reached **** piety under Trog
  8124 | D:8      | Found a staircase to the Lair.
  8717 | D:8      | Found a glowing silver altar of Zin.
  8792 | Lair:1   | Entered Level 1 of the Lair of Beasts
 10194 | Lair:2   | Found a blossoming altar of Fedhas.
 10359 | Lair:2   | Found a dark tunnel.
 10369 | Volcano  | Entered a volcano
 10607 | Lair:2   | Gained mutation: Your system is resistant to poisons. (rPois) [potion of mutation]
 10607 | Lair:2   | Gained mutation: You are robust. (+10% HP) [potion of mutation]
 10607 | Lair:2   | Gained mutation: You regenerate slowly when monsters are visible. [potion of mutation]
 10628 | Lair:2   | Gained mutation: You are clumsy. (Dex -2) [potion of mutation]
 10628 | Lair:2   | Gained mutation: You are covered in fur. (AC +1) [potion of mutation]
 10629 | Lair:2   | Lost mutation: Your system is resistant to poisons. (rPois) [potion of cure mutation]
 10629 | Lair:2   | Lost mutation: Your spells are a little harder to cast, but a little more powerful. [potion of cure mutation]
 10629 | Lair:2   | Lost mutation: You are clumsy. (Dex -2) [potion of cure mutation]
 10629 | Lair:2   | Lost mutation: You are robust. (+10% HP) [potion of cure mutation]
 10629 | Lair:2   | Lost mutation: Your mind is acute. (Int +2) [potion of cure mutation]
 10773 | Lair:2   | Reached ***** piety under Trog
 11246 | Lair:3   | Found a hole to the Spider Nest.
 11670 | Lair:3   | Got a jewelled chain mail
 11674 | Lair:3   | Identified the +8 chain mail of Gehenna {rF+} (You found it on level 3 of the Lair of Beasts)
 11828 | Lair:3   | Received a gift from Trog
 12477 | Lair:3   | Found a staircase to the Swamp.
 13987 | Lair:6   | Entered Level 6 of the Lair of Beasts
 14418 | Lair:6   | Found a staircase to the Slime Pits.
 14907 | Slime:1  | Entered Level 1 of the Pits of Slime
 15063 | Slime:5  | Entered Level 5 of the Pits of Slime
 15122 | Slime:5  | Noticed a gnoll sergeant
 15162 | Slime:5  | Killed a gnoll sergeant
 15165 | Slime:5  | Received a gift from Trog
 15200 | Slime:5  | Found a viscous altar of Jiyva.
 15323 | Slime:5  | Got a pitted leather armour
 15326 | Slime:5  | Identified the +1 leather armour of Gallantry {+Blink rF- rC++ rCorr Dex-4} (You found it on level 5 of the Pits of Slime)
 15369 | Slime:5  | Got a slimy rune of Zot
 15384 | Slime:5  | Got an aquamarine-encrusted plate armour
 15395 | Slime:5  | Got a scorched quarterstaff
 15396 | Slime:5  | Identified the cursed +0 plate armour of the Curious Blessings {+Blink rC++ Str-3} (You found it on level 5 of the Pits of Slime)
 15408 | Slime:5  | Got a faintly glowing mace
 15430 | Slime:5  | Got a twitching iron ring
 15434 | Slime:5  | Identified the ring of Vomeqal {rPois Str+4 Int+2 Dex-4 Stlth-} (You found it on level 5 of the Pits of Slime)
 15438 | Slime:5  | Identified a scroll of acquirement
 15441 | Slime:5  | Got a faintly humming centaur barding
 15448 | Slime:5  | Identified the +0 centaur barding of Grace {rCorr} (You acquired it on level 5 of the Pits of Slime)
 16385 | D:9      | Identified the +7 mace of Trog's Reproof {flame, *Drain MR++ Str+2} (You found it on level 5 of the Pits of Slime)
 16387 | D:9      | Identified the +3 quarterstaff of Disarray {flame, +Inv} (You found it on level 5 of the Pits of Slime)
 16631 | D:10     | Entered Level 10 of the Dungeon
 16842 | D:10     | Found a staircase to the Orcish Mines.
 16864 | D:10     | Received a gift from Trog
 16924 | D:10     | Noticed ofeo's ghost (weakling MiBe)
 16934 | D:10     | Killed ofeo's ghost
 16992 | D:10     | Reached ****** piety under Trog
 17460 | D:11     | Found a labyrinth entrance.
 17577 | Lab      | Entered a labyrinth
 17873 | Lab      | Noticed a gnoll sergeant
 17884 | Lab      | Killed a gnoll sergeant
 18464 | D:11     | Lost mutation: You can translocate small distances at will. [potion of mutation]
 18464 | D:11     | Gained mutation: You are dopey. (Int -2) [potion of mutation]
 18464 | D:11     | Lost mutation: You are dopey. (Int -2) [potion of mutation]
 18613 | D:12     | Found a shadowy altar of Dithmenos.
 19870 | D:13     | Received a gift from Trog
 19967 | D:13     | Noticed ofeo's ghost (weakling FoFi)
 19974 | D:13     | Killed ofeo's ghost
 20741 | Orc:1    | Entered Level 1 of the Orcish Mines
 20971 | Orc:2    | Entered Level 2 of the Orcish Mines
 21169 | Orc:2    | Found Gadezoz's General Store.
 21170 | Orc:2    | Found Laamm's Distillery.
 21179 | Orc:2    | Bought a potion of agility for 64 gold pieces
 21232 | Orc:2    | Found Leuhuddu's Antique Armour Shoppe.
 21232 | Orc:2    | Found Vaha's Book Emporium.
 21232 | Orc:2    | Found a one-way gate leading to the halls of Pandemonium.
 21234 | Orc:2    | Bought a glowing cloak for 117 gold pieces
 21334 | Orc:2    | Found Nycsek's Magic Scroll Emporium.
 21474 | Orc:2    | Found a staircase to the Elven Halls.
 21574 | Elf:1    | Entered Level 1 of the Elven Halls
 22006 | Elf:1    | Identified Sif Muna's Incunabulum of Dogma
 22165 | Elf:1    | Received a gift from Trog
 22464 | Elf:2    | Found Saschaur's Antique Armour Emporium.
 22508 | Elf:2    | Slain by a gnoll

Action                   || total
-------------------------++-------
Melee: Spear             ||  1465
       Kick              ||   135
       Quarterstaff      ||    13
Invok: Berserk           ||    70
       Burn Spellbooks   ||     9
       Trog's Hand       ||     1
Evoke: Wand              ||    17
       Sack of spiders   ||     7
       Rod               ||     3
       Fan of gales      ||     1
  Use: Scroll            ||    43
       Potion            ||    14
  Eat: Bread ration      ||     1
Armor: Chain mail        ||   368
       Animal skin       ||    18
       Skin              ||     2
Dodge: Dodged            ||   163
